AoeStats
← GenghisKhan7734

Arena

508081667Analyzed
1v1 RM · 10d ago on Sep 20, 2026· 50m 11s· 2 players
Game mode
Random Map
Map size
Tiny (2 player)
Population
200
Speed
Normal
Resources
Standard
Victory
Conquest
Starting age
Dark Age
Ending age
Imperial Age
RankedLock teamsTeams togetherTeam positionsShared explorationLock speedFull tech treeHidden civsTurbo modeCheats
Victory
Defeat
🇲🇽 Lithuanians · Mexico
562
+18
🇰🇿 Japanese · Kazakhstan
598
-18
anzolablan
11:52 Feudal Age
16:38 Castle Age
14:34 Double-Bit Axe
15:35 Loom
18:38 Fervor
22:39 Bloodlines
23:17 Horse Collar
24:16 Heavy Plow
25:59 Wheelbarrow
27:02 Husbandry
31:05 Ballistics
30:58 Fortified Wall
30:29 Treadmill Crane
31:15 Forging
31:34 Bow Saw
32:23 Scale Barding Armor
32:43 Masonry
34:26 Iron Casting
34:50 Chain Barding Armor
34:25 Stone Mining
34:29 Gold Mining
34:52 Murder Holes
36:33 Hand Cart
43:07 Imperial Age
44:15 Conscription
43:17 Elite Leitis
44:33 Hoardings
43:41 Cavalier
45:00 Plate Barding Armor
49:59 Redemption
50:05 Block Printing
50:21 Illumination
GenghisKhan7734
8:39 Loom
12:33 Feudal Age
13:18 Double-Bit Axe
13:17 Horse Collar
19:16 Castle Age
17:47 Man-at-Arms
19:40 Long Swordsman
23:50 Crossbowman
30:16 Thumb Ring
33:13 Fletching
33:35 Forging
35:42 Gambesons
36:03 Bodkin Arrow
39:08 Imperial Age
38:33 Iron Casting
38:13 Bow Saw
40:20 Two-Handed Swordsman
41:21 Champion
45:46 Arbalester
46:58 Elite Skirmisher
48:09 Pikeman
Connection lost

Rejoining the realm…

Still unreachable

The connection could not be restored.

Session expired

The server has moved on; the page needs a fresh start.